 Dungeon Crawl Stone Soup version 0.30-a0-1035-g38d5fb2972 (webtiles) character file.

Game seed: 11330838344045986475

47 Arcadio the Vexing (level 3, -4/28 HPs)
             Began as a Barachi Hexslinger on Apr 8, 2023.
             Slain by Natasha (8 damage)
             ... on level 2 of the Dungeon.
             The game lasted 00:03:45 (939 turns).

Arcadio the Vexing (Barachi Hexslinger)              Turns: 939, Time: 00:03:46

Health: -4/28      AC:  2    Str: 11    XL:     3   Next: 70%
Magic:  4/4        EV: 13    Int: 13    God:
Gold:   90         SH:  0    Dex: 14    Spells: 3/4 levels left

rFire   . . .      SeeInvis .    a - +1 sling
rCold   . . .      Faith    .    (no shield)
rNeg    . . .      Spirit   .    c - +0 robe
rPois   .          Reflect  .    (no helmet)
rElec   .          Rampage  .    (no cloak)
rCorr   .                        (no gloves)
Will    .....                    (no boots)
Stlth   +                        e - amulet of regeneration
HPRegen 1.04/turn                (no ring)
MPRegen 0.09/turn                (no ring)

@: slowed, very slow
A: amphibious, slowness 1, strong legs 1, +LOS
a: Hop


You were on level 2 of the Dungeon.
You visited 1 branch of the dungeon, and saw 2 of its levels.

You collected 90 gold pieces.

Inventory:

Hand Weapons
 a - a +1 sling (weapon)
 d - a +0 club
 h - a +0 dagger
Armour
 c - a +0 robe (worn)
 l - an orb of light
Jewellery
 e - an amulet of regeneration (around neck)
 m - a ring of flight
Scrolls
 b - a scroll of poison
 g - a scroll of teleportation
 j - a scroll of identify {unknown}
Potions
 f - a potion of heal wounds {unknown}
 i - 3 potions of lignification {unknown}
 k - a potion of attraction {unknown}


   Skills:
 + Level 2.6 Fighting
 + Level 2.7 Ranged Weapons
 + Level 3.0 Dodging
 - Level 1.1 Spellcasting
 - Level 3.2 Hexes


You had 3 spell levels left.
You knew the following spells:

 Your Spells              Type           Power      Damage    Failure   Level
a - Slow                  Hex            36%        N/A       8%          1

Your spell library contained the following spells:

 Spells                   Type           Power      Damage    Failure   Level
 Inner Flame              Hex/Fire       4%         N/A       38%         3
 Portal Projectile        Hex/Tloc       8%         N/A       38%         3
 Cause Fear               Hex            4%         N/A       58%         4


Dungeon Overview and Level Annotations

Branches:
Dungeon (2/15) Zot: 10877

Altars:

Annotations:
D:2 Natasha


Innate Abilities, Weirdness & Mutations

You are amphibious.
You cover ground slowly.
You can hop short distances.
You have an extended range of vision and can be seen from far away.


Message History

Natasha growls.
Natasha closely misses you.
Fire: a) +1 sling
Press: ? - help, Q - select action, (/) - cycle Shift-Dir - straight line, f/p - Natasha
Aim: Natasha (severely wounded, 51% to hit)
You shoot a sling bullet.
The sling bullet completely misses Natasha.
Natasha misses you. Natasha casts a spell at you.
You resist with significant effort.
Fire: a) +1 sling
Press: ? - help, Q - select action, (/) - cycle Shift-Dir - straight line, f/p - Natasha
Aim: Natasha (severely wounded, 51% to hit)
You shoot a sling bullet.
The sling bullet closely misses Natasha.
Natasha barely misses you. Natasha claws you.
Unknown command.
Fire: a) +1 sling
Press: ? - help, Q - select action, (/) - cycle Shift-Dir - straight line, f/p - Natasha
Aim: Natasha (severely wounded, 51% to hit)
You shoot a sling bullet.
The sling bullet closely misses Natasha.
Natasha claws you. Natasha barely misses you.
Unknown command.
Fire: a) +1 sling
Press: ? - help, Q - select action, (/) - cycle Shift-Dir - straight line, f/p - Natasha
Aim: Natasha (severely wounded, 51% to hit)
You shoot a sling bullet. The sling bullet hits Natasha.
Natasha is severely wounded.
Natasha claws you. x2
* * * LOW HITPOINT WARNING * * *
Fire: a) +1 sling
Press: ? - help, Q - select action, (/) - cycle Shift-Dir - straight line, f/p - Natasha
Aim: Natasha (severely wounded, 51% to hit)
You shoot a sling bullet.
The sling bullet closely misses Natasha.
Natasha claws you.
* * * LOW HITPOINT WARNING * * *
Natasha claws you!
You die...

#.#..#.#.#..# #..#
##.#..#.#.#..# #..##
#.......#.#..####...#
#....................
.###.........#..........
.............#.##.......
.........>..............
###.#+##.#...#.##.......
#......@.###....#......)
#......h.# #.#..........
#.....$...##.#.....>....
#.........# #########.#
#..<......# ....
#.........# #.#..
#<#.##....# ..#.. .....
#....# #.. #... #....#
.#


You could see Natasha.

Vanquished Creatures
  2 gnolls (D:1)
  A dart slug (D:1)
  A ball python (D:2)
  2 bats (D:1)
  5 endoplasms (D:1)
  4 goblins (D:1)
  2 hobgoblins
  A quokka (D:1)
  2 frilled lizards (D:1)
  2 kobolds (D:1)
  2 rats (D:1)
24 creatures vanquished.

Notes
Turn   | Place    | Note
-------+----------+-------------------------------------------
     0 | D:1      | Arcadio the Barachi Hexslinger began the quest for the Orb.
     0 | D:1      | Reached XP level 1. HP: 15/15 MP: 2/2
    77 | D:1      | Reached XP level 2. HP: 22/22 MP: 3/3
   166 | D:1      | Found a faded altar of an unknown god.
   202 | D:1      | Reached XP level 3. HP: 27/27 MP: 4/4
   919 | D:2      | Noticed Natasha
   939 | D:2      | Slain by Natasha

Illustrated notes

Levels and vault maps discovered:
D:1:      ebering_trefoil_3fold, layout_basic, basic_ecumenical_altar
D:2:      kennysheep_the_goblin_king, layout_basic, basic_altar, uniq_natasha

Skill      XL: |  1  2  3 |
---------------+----------+-----
Fighting       | 2 |  2.6
Dodging        | 3 |  3.0
Ranged Weapons | |  2.7
Spellcasting   | |  1.1
Hexes          | |  3.2

Action                     || total
---------------------------++-------
  Melee: Dagger            ||     3
         Punch             ||     1
   Fire: Sling             ||    82
   Cast: Slow              ||     3
    Use: Scroll            ||     1
   Stab: Sleeping          ||     1
 Armour: Robe              ||     4
  Dodge: Dodged            ||    25

Table legend: (Time is in decaauts)
 A = Elapsed time spent in this place.
 B = Non-inter-level travel time spent in this place.
 C = Inter-level travel time spent in this place.
 D = Time resting spent in this place.
 E = Time spent auto-exploring this place.
 F = Levels seen in this place.
 G = Mean time per level.
                   A        B        C        D        E       F      G
               +--------+--------+--------+--------+--------+-----+--------+
         Total |   1120 |   1104 |     16 |      0 |    934 |   2 |  560.0 |
       Dungeon |   1120 |   1104 |     16 |      0 |    934 |   2 |  560.0 |
               +--------+--------+--------+--------+--------+-----+--------+

Top non-repeatable levels by time:
     D:1: 1000 daAuts
     D:2: 120 daAuts
